 Dungeon Crawl Stone Soup version 0.30-a0-1160-g6e42c06551 (webtiles) character file.

Game seed: 4439903301452605211

137 GordonOverkill the Sneak (level 5, -1/41 HPs)
             Began as a Mummy Delver on Apr 25, 2023.
             Slain by a jelly (3 damage)
             ... on level 4 of the Dungeon.
             The game lasted 00:04:22 (1182 turns).

GordonOverkill the Sneak (Mummy Delver)             Turns: 1182, Time: 00:04:23

Health: -1/41      AC:  0    Str: 15    XL:     5   Next: 0%
Magic:  9/9        EV: 11    Int: 12    God:
Gold:   130        SH:  0    Dex: 13    Spells: 9/10 levels left

rFire   x . .        a - +0 spear
rCold   + . .        (no shield)
rNeg    + + +        b - +0 leather armour
rPois   ∞            l - +0 helmet
rElec   .            (no cloak)
rCorr   .            (no gloves)
SInv    .            (no boots)
Will    .....        e - amulet of magic regeneration
Stlth   ++           (no ring)
HPRegen 0.26/turn    (no ring)
MPRegen 0.51/turn

%: faith
@: corroded
A: cold resistance 1, negative energy resistance 3, torment resistance 2, heat
vulnerability 1, in touch with death 1, no potions, faith
a: no special abilities


You were on level 4 of the Dungeon.
You visited 1 branch of the dungeon, and saw 4 of its levels.

You collected 130 gold pieces.

Inventory:

Hand Weapons
 a - a +0 spear (weapon)
Armour
 b - a +0 leather armour (worn)
 l - a +0 helmet (worn)
Jewellery
 e - an amulet of magic regeneration (around neck)
Wands
 f - a wand of digging (3)
 j - a wand of acid (8)
Scrolls
 c - a scroll of fog
 d - a scroll of magic mapping
 g - a scroll of immolation {unknown}
 h - 3 scrolls of blinking {unknown}
 i - 2 scrolls of amnesia {unknown}
 k - a scroll of identify {unknown}
 m - a scroll of butterflies {unknown}
 n - a scroll of enchant weapon {unknown}
 o - a scroll of torment {unknown}
 p - a scroll of teleportation {unknown}


   Skills:
 - Level 3.0 Fighting
 - Level 1.6 Polearms
 - Level 1.6 Dodging
 - Level 4.1 Stealth
 + Level 3.1 Spellcasting
 + Level 2.1 Air Magic
 + Level 1.8 Evocations


You had 9 spell levels left.
You knew the following spells:

 Your Spells              Type           Power      Damage    Failure   Level
a - Shock                 Conj/Air       16%        1d4       21%         1

Your spell library contained the following spells:

 Spells                   Type           Power      Damage    Failure   Level
 Swiftness                Air            6%         N/A       36%         3
 Airstrike                Air            3%         2d(1-17)  77%         4


Dungeon Overview and Level Annotations

Branches:
Dungeon (6/15)
 Temple: D:4-7

Altars:

Annotations:
D:5 exclusion: white imp


Innate Abilities, Weirdness & Mutations

You are immune to poison.
Your flesh is cold resistant. (rC+)
You are immune to negative energy. (rN+++)
You are immune to unholy pain and torment.
You are vulnerable to heat. (rF-)
You are in touch with the powers of death.
You do not drink.
You have a special connection with the divine. (Faith)


Message History

Done exploring.
Done exploring.
Done exploring.
Search for what [? for help]? .
Unknown command.
(D) Dungeon
Where to? (? - help)
There is a stone staircase leading down here.
You climb downwards.
There is a stone staircase leading up here.
A jelly comes into view.
You reach to attack!
The helpless jelly fails to defend itself.
You hit the jelly.
The jelly is lightly wounded.
You hit the jelly. The acid corrodes you!
Your hands burn!
The jelly is lightly wounded.
The jelly barely misses you.
You completely miss the jelly.
The jelly is lightly wounded.
The jelly hits you.
You are splashed with acid!
You are too injured to fight recklessly!
You are too injured to fight recklessly!
You hit the jelly but do no damage.
Your hands burn!
The jelly is lightly wounded.
The jelly hits you.
You are splashed with acid!
* * * LOW HITPOINT WARNING * * *
You are too injured to fight recklessly!
You hit the jelly but do no damage.
Your hands burn!
* * * LOW HITPOINT WARNING * * *
The jelly is lightly wounded.
The jelly hits you.
* * * LOW HITPOINT WARNING * * *
You are splashed with acid!
* * * LOW HITPOINT WARNING * * *
You hit the jelly but do no damage.
Your hands burn!
* * * LOW HITPOINT WARNING * * *
The jelly is lightly wounded.
The jelly hits you.
You die...

. ..
............##
.
###...........#
............#
..!.##......# #
#........##.#
.#
#......##.#.#
#.....#....#
##.#......##
#.#..@..##
#.....J..#
.....#....#
.....###.##
...# ### #. #


You could see a jelly.

Vanquished Creatures
  A scorpion (D:3)
  A jelly (D:4)
  2 adders
  A dart slug (D:3)
  3 orcs
  2 bats (D:3)
  2 endoplasms
  A giant cockroach (D:4)
  A hobgoblin (D:4)
  4 jackals (D:3)
  2 ball pythons
  3 frilled lizards (D:3)
  An orc zombie (D:4)
  A rat (D:3)
25 creatures vanquished.

Vanquished Creatures (others)
  6 toadstools (D:4)
6 creatures vanquished.

Grand Total: 31 creatures vanquished

Notes
Turn   | Place    | Note
-------+----------+-------------------------------------------
     0 | D:5      | GordonOverkill the Mummy Delver began the quest for the
                  | Orb.
     0 | D:5      | Reached XP level 1. HP: 18/18 MP: 1/1
     5 | D:6      | Noticed an orc wizard
     6 | D:6      | Noticed a black bear
   198 | D:4      | Reached skill level 1 in Spellcasting
   220 | D:4      | Reached XP level 2. HP: 24/24 MP: 3/3
   224 | D:4      | Learned a level 1 spell: Shock
   322 | D:4      | Reached skill level 1 in Air Magic
   337 | D:4      | Reached skill level 1 in Evocations
   337 | D:4      | Gained mutation: You are in touch with the powers of death.
                  | [Mummy growth]
   337 | D:4      | Reached XP level 3. HP: 3/29 MP: 4/6
   762 | D:3      | Reached XP level 4. HP: 34/35 MP: 7/7
   981 | D:3      | Noticed a scorpion
   989 | D:3      | Killed a scorpion
   990 | D:3      | Reached XP level 5. HP: 24/41 MP: 7/9
  1182 | D:4      | HP: 2/41 [acid (5)]
  1182 | D:4      | Slain by a jelly

Illustrated notes

Levels and vault maps discovered:
D:3:      layout_loops_cross
D:4:      cheibrodos_fertilizer, layout_cave_pools, tso_metal_star,
          minmay_mini_ossuary
D:5:      layout_basic, serial_shops, shop, serial_demonic, serial_demonic_f,
          serial_demonic_c, serial_demonic_a, serial_demonic_d,
          patterned_corridor
D:6:      layout_loops_ring, minitemple, temple_fountains

Skill      XL: |  1  2  3  4 |
---------------+-------------+-----
Spellcasting   | 1 2 3 |  3.1
Air Magic      | 1 2 |  2.1
Evocations     | 1 |  1.8
Fighting       | |  3.0
Polearms       | |  1.6
Dodging        | |  1.6
Stealth        | |  4.1

Action                     |  1- 3 |  4- 6 || total
---------------------------+-------+-------++-------
  Melee: Spear             |   100 |    28 ||   128
         Punch             |     1 |       ||     1
  Evoke: Wand              |       |     1 ||     1
    Use: Scroll            |     1 |       ||     1
   Stab: Sleeping          |     4 |     2 ||     6
         Distracted        |     1 |       ||     1
 Armour: Leather armour    |    26 |     5 ||    31
  Dodge: Dodged            |    44 |    10 ||    54

Table legend: (Time is in decaauts)
 A = Elapsed time spent in this place.
 B = Non-inter-level travel time spent in this place.
 C = Inter-level travel time spent in this place.
 D = Time resting spent in this place.
 E = Time spent auto-exploring this place.
 F = Levels seen in this place.
 G = Mean time per level.
                   A        B        C        D        E       F      G
               +--------+--------+--------+--------+--------+-----+--------+
         Total |   1182 |   1158 |     24 |    264 |    387 |   4 |  295.5 |
       Dungeon |   1182 |   1158 |     24 |    264 |    387 |   4 |  295.5 |
               +--------+--------+--------+--------+--------+-----+--------+

Top non-repeatable levels by time:
     D:3: 816 daAuts
     D:4: 267 daAuts
     D:5: 96 daAuts
     D:6: 2 daAuts
